 Dungeon Crawl Stone Soup version 0.27.1-1-g398f81649c (webtiles) character file.

Game seed: 11738357962032125293

17 HenryVIII the Chopper (level 2, -1/40 HPs)
             Began as a Minotaur Berserker on Sept 13, 2021.
             Was a Follower of Trog.
             Slain by a hound (5 damage)
             ... on level 4 of the Dungeon.
             The game lasted 00:04:08 (578 turns).

HenryVIII the Chopper (Minotaur Berserker)           Turns: 578, Time: 00:04:09

Health: -1/40      AC:  2    Str: 21    XL:     2   Next: 44%
Magic:  1/1        EV: 11    Int:  4    God:    Trog [*.....]
Gold:   18         SH:  2    Dex:  9    Spells: 1/1 levels left

rFire    . . .     SeeInvis .   a - +0 hand axe
rCold    . . .     Faith    .   e - +0 buckler
rNeg     . . .     Spirit   .   b - +0 animal skin
rPois    .         Reflect  .   (helmet restricted)
rElec    .         Harm     .   (no cloak)
rCorr    .         Rampage  .   (no gloves)
Will     .....                  (no boots)
Stlth    ..........             (no amulet)
HPRegen  0.13/turn              (no ring)
MPRegen  0.07/turn              (no ring)

@: berserking, very quick
A: horns 2, retaliatory headbutt
a: Renounce Religion, Berserk


You were on level 4 of the Dungeon.
You worshipped Trog.
Trog was aware of your devotion.
You visited 1 branch of the dungeon, and saw 3 of its levels.

You collected 18 gold pieces.

Inventory:

Hand Weapons
 a - a +0 hand axe (weapon)
Armour
 b - a +0 animal skin (worn)
 e - a +0 buckler (worn)
Scrolls
 c - a scroll of fog {unknown}
 f - a scroll of magic mapping {unknown}
Potions
 d - a potion of curing {unknown}


   Skills:
 - Level 3.7 Fighting
 * Level 4.5 Axes
 - Level 2.4 Armour
 - Level 2.2 Dodging


You had one spell level left.
You didn't know any spells.
Your spell library was empty.

Dungeon Overview and Level Annotations

Branches:
Dungeon (2/15)

Altars:


Innate Abilities, Weirdness & Mutations

You have a pair of horns on your head.
You reflexively headbutt those who attack you in melee.


Message History

The hound bites you. 2 gnolls come into view.
The gnoll shouts! x2
The gnoll moves out of view.
The hound barely misses you. You furiously retaliate!
You headbutt the hound.
A ball python comes into view.
You block the gnoll's attack.
The ball python hisses angrily.
You hit the hound but do no damage.
The hound is lightly wounded.
You hit the gnoll. The hound bites you but does no damage.
An adder comes into view.
The hound barely misses you. You furiously retaliate!
You headbutt the hound.
The adder hisses angrily.
You slash the hound!
The hound is severely wounded.
You hit the gnoll but do no damage. The gnoll closely misses you.
You block the hound's attack. The hobgoblin closely misses you.
You furiously retaliate!
You headbutt the hobgoblin, but do no damage.
The gnoll barely misses you. You furiously retaliate!
You headbutt the gnoll!
The gnoll hits you from afar with a +0 spear.
You completely miss the hobgoblin. You headbutt the hobgoblin.
You kill the hobgoblin!
Trog accepts your kill.
You hit the gnoll. You barely miss the hound. The hound bites you.
The hound barely misses you. You furiously retaliate!
You headbutt the hound, but do no damage.
The gnoll hits you with a +0 whip! The gnoll closely misses you.
The hound bites you.
* * * LOW HITPOINT WARNING * * *
The hound misses you. The hound closely misses you. You furiously retaliate!
You headbutt the hound. You block the hound's attack.
The hound stops to sniff the ground.
The hound bites you.
* * * LOW HITPOINT WARNING * * *
A red film seems to cover your vision as you go berserk!
You feel yourself moving faster!
You feel mighty! The hound bites you.
You die...

# #..##.####
#.....SS###### .#
###..##.ggh@.####
.## ....
######....### ..
###. ####...###
.# # ###...##
##.##
###..###..##
##..##.###
##.......
####.### #.# #


You could see a hound, 2 gnolls, an adder and a ball python.

Vanquished Creatures
  A ball python (D:1)
  A bat (D:1)
  3 endoplasms (D:1)
  A hobgoblin (D:4)
  4 jackals (D:1)
  2 kobolds (D:1)
  2 rats
14 creatures vanquished.

Vanquished Creatures (others)
  5 plants (D:1)
5 creatures vanquished.

Grand Total: 19 creatures vanquished

Notes
Turn   | Place    | Note
-------+----------+-------------------------------------------
     0 | D:1      | HenryVIII the Minotaur Berserker began the quest for the
                  | Orb.
     0 | D:1      | Reached XP level 1. HP: 19/19 MP: 0/0
   230 | D:1      | Reached skill level 4 in Axes
   234 | D:1      | Reached XP level 2. HP: 26/27 MP: 1/1
   546 | D:2      | You fall into a shaft and drop 2 floors!
   578 | D:4      | Slain by a hound

Illustrated notes

Levels and vault maps discovered:
D:1:      lightli_arrival_farm, layout_loops_ring, minmay_parallelograms,
          minivault_11, serial_bayou_lagoon_a
D:2:      layout_basic
D:4:      layout_rooms

Skill      XL: |  1 |
---------------+----+-----
Axes           | 4 |  4.5
Fighting       | |  3.7
Armour         | |  2.4
Dodging        | |  2.2

Action                   || total
-------------------------++-------
Melee: Hand axe          ||    29
       Headbutt          ||     6
Invok: Berserk           ||     1
Armor: Animal skin       ||     3
Dodge: Dodged            ||    31
Block: Buckler           ||     5
